 Dungeon Crawl Stone Soup version 0.29.0-7-g18a832c13a (webtiles) character file.

Game seed: 17431933318383317297

3868 gelatine the Skirmisher (level 10, -1/88 HPs)
             Began as a Barachi Hunter on Sept 1, 2022.
             Was an Elder of Ashenzari.
             Slain by a wyvern (5 damage)
             ... on level 7 of the Dungeon.
             The game lasted 00:29:55 (5944 turns).

gelatine the Skirmisher (Barachi Hunter)            Turns: 5944, Time: 00:29:56

Health: -1/88      AC:  9    Str: 12    XL:     10   Next: 19%
Magic:  24/24      EV: 16    Int: 16    God:    Ashenzari [****..]
Gold:   523        SH:  0    Dex: 20    Spells: 15/16 levels left

rFire   . . .      SeeInvis +   a - +0 shortbow of Cremastomancy {Self, Melee} (curse)
rCold   . . .      Faith    .   (shield currently unavailable)
rNeg    . . .      Spirit   .   q - +3 leather armour of Ashenzari's Servitude {Cun, Fort} (curse)
rPois   .          Reflect  .   A - +0 helmet of Ashenzari's Mistrust {Self, Evo} (curse)
rElec   .          Harm     .   y - +0 cloak "Shackled Portent" {Cun, Bglg} (curse)
rCorr   .          Rampage  .   (no gloves)
Will    .....      Clarity  +   (no boots)
Stlth   +++.......              c - amulet of Ashenzari's Bitterness {Regen+ MP+9, Melee, Alch} (curse)
HPRegen 1.04/turn               l - ring "Prophetic Oracle" {Int+6, Range, Cun} (curse)
MPRegen 0.19/turn               (no ring)

@: about to teleport, unable to hop, slow
A: amphibious, slowness 1, strong legs 1, +LOS
a: Hop, Renounce Religion, Shatter the Chains


You were on level 7 of the Dungeon.
You worshipped Ashenzari.
Ashenzari was greatly pleased with you.
You visited 1 branch of the dungeon, and saw 8 of its levels.
You also visited: Ossuary.

You collected 523 gold pieces.

Inventory:

Hand Weapons
 a - the cursed +0 shortbow of Cremastomancy (weapon) {Self, Melee}

   It has a curse which improves the following skills: Introspection: Fighting
   and Spellcasting.
   Melee Combat: Short Blades, Long Blades, Axes, Maces & Flails, Polearms,
   Staves and Unarmed Combat.
 u - a +6 flail of protection
 w - the +9 hammer "Dagetoh" {vorpal, *Noise rN+ rCorr Str+3}
   (You took it off a gnoll on level 6 of the Dungeon)

   It inflicts extra damage upon your enemies.
   Str:       It affects your strength (+3).
   rN:        It protects you from negative energy.
   *Noise:    It may make noises in combat.
   rCorr:     It protects you from acid and corrosion.
Missiles
 h - 4 silver javelins
Armour
 q - the cursed +3 leather armour of Ashenzari's Servitude (worn) {Cun, Fort}
   (You took it off a goblin on level 4 of the Dungeon)

   It has a curse which improves the following skills: Cunning: Dodging and
   Stealth.
   Fortitude: Armour and Shields.
 y - the cursed +0 cloak "Shackled Portent" (worn) {Cun, Bglg}
   (You took it off Crazy Yiuf on level 6 of the Dungeon)

   It has a curse which improves the following skills: Cunning: Dodging and
   Stealth.
   Beguiling: Conjurations, Hexes and Translocations.
 A - the cursed +0 helmet of Ashenzari's Mistrust (worn) {Self, Evo}
   (You found it on level 7 of the Dungeon)

   It has a curse which improves the following skills: Introspection: Fighting
   and Spellcasting.
   Evocations: Evocations.
Magical Staves
 g - a staff of earth
 D - a staff of poison
Jewellery
 c - the cursed amulet of Ashenzari's Bitterness (around neck) {Regen+ MP+9, Melee, Alch}
   (You found it on level 4 of the Dungeon)

   [amulet of regeneration]

   MP:        It affects your magic capacity (+9).
   Regen:     It increases your rate of health regeneration.
   It has a curse which improves the following skills: Melee Combat: Short
   Blades, Long Blades, Axes, Maces & Flails, Polearms, Staves and Unarmed
   Combat.
   Alchemy:   Poison Magic and Transmutations.
 l - the cursed ring "Prophetic Oracle" (left hand) {Int+6, Range, Cun}
   (You found it on level 3 of the Dungeon)

   [ring of intelligence]

   Int:       It affects your intelligence (+6).
   It has a curse which improves the following skills: Ranged Combat: Ranged
   Weapons and Throwing.
   Cunning:   Dodging and Stealth.
Wands
 n - a wand of flame (20)
 x - a wand of quicksilver (10)
 C - a wand of charming (3)
Scrolls
 b - 2 scrolls of immolation
 d - 4 scrolls of identify
 e - 2 scrolls of summoning
 f - a scroll of fog
 j - a scroll of poison
 m - a scroll of teleportation
 p - 2 scrolls of magic mapping
 B - 2 scrolls of amnesia
Potions
 i - 6 potions of curing
 k - a potion of might
 o - a potion of brilliance
 s - 2 potions of berserk rage
 t - a potion of mutation
 v - a potion of magic
 z - a potion of flight
 E - a potion of haste


   Skills:
 * Level 8.4(11.4) Fighting
 * Level 11.8(13.7) Ranged Weapons
 + Level 3.7(5.5) Armour
 + Level 3.9(7.3) Dodging
 * Level 3.0(6.2) Stealth
 + Level 1.5(3.5) Spellcasting
 * Level 1.8(3.3) Conjurations
 + Level 0.1 Fire Magic


You had 15 spell levels left.
You knew the following spells:

 Your Spells              Type           Power      Damage    Failure   Level
a - Foxfire               Conj/Fire      32%        2x1d5     11%         1

Your spell library contained the following spells:

 Spells                   Type           Power      Damage    Failure   Level
 Magic Dart               Conj           52%        1d5       6%          1
 Searing Ray              Conj           26%        2d5       9%          2
 Sandblast                Erth           4%         2d4       22%         1
 Passwall                 Tmut/Erth      2%         N/A       32%         2
 Conjure Flame            Conj/Fire      8%         6-21      32%         3
 Stone Arrow              Conj/Erth      16%        3d8       34%         3
 Inner Flame              Hex/Fire       3%         N/A       54%         3
 Flame Wave               Conj/Fire      8%         2d5       73%         4
 Fulminant Prism          Conj/Hex       4%         3d6       73%         4


Dungeon Overview and Level Annotations

Branches:
Dungeon (8/15)             Temple (0/1) D:6         Ossuary (visited)
   Lair: D:8-11

Altars:
Ashenzari
Fedhas
Hepliaklqana
Kikubaaqudgha
Nemelex Xobeh
Trog
The Shining One

Shops:
D:7 *

Annotations:
D:8 Gastronok, Pikel


Innate Abilities, Weirdness & Mutations

You are amphibious.
You cover ground slowly.
You can hop short distances.
You have an extended range of vision and can be seen from far away.


Message History

Your centaur hits the wyvern.
Your centaur kicks the wyvern.
An orc comes into view. It is wielding a +0 dagger.
The wyvern bites you!
* * * LOW HITPOINT WARNING * * *
The water moccasin bites you.
* * * LOW HITPOINT WARNING * * *
Fire: a) +0 shortbow of Cremastomancy {Self, Melee} (curse)
Press: ? - help, Q - select action, (/) - cycle Shift-Dir - straight line, f/p - wyvern
Aim: a wyvern (severely wounded, ally target, 72% to hit)
You shoot an arrow.
The arrow hits the wyvern but does no damage.
The wyvern is severely wounded.
Your centaur barely misses the wyvern.
Your centaur closely misses the wyvern.
The wyvern bites you.
* * * LOW HITPOINT WARNING * * *
An orc priest comes into view. It is wielding a +0 short sword.
The water moccasin bites you.
* * * LOW HITPOINT WARNING * * *
Your centaur hits the wyvern but does no damage.
Your centaur kicks the wyvern but does no damage.
The wyvern bites your centaur!
The water moccasin completely misses you.
The orc warrior hits your centaur with a +0 hand axe!
Your centaur dies!
The wyvern barely misses you.
You climb upwards.
There is a stone staircase leading down here.
Hop to where?
Press: ? - help, Dir - move target Boing!
The wyvern bites you!
* * * LOW HITPOINT WARNING * * *
The wyvern closely misses you. The wyvern closely misses you.
The water moccasin misses you.
There is a stone staircase leading up here.
As you read the scroll of teleportation, it crumbles to dust.
You feel strangely unstable. The wyvern bites you!
* * * LOW HITPOINT WARNING * * *
The water moccasin closely misses you. The wyvern bites you.
You die...

###.######.###..# #.##.)[....#
###.######.###..######.##[......#
##...##......................#.##
...#.)..).>........>...#######.##
#....#####.####.>.####.#######.##
#.#.######.####...####<## ##.##
#.#.######.###8.∩.8###.## ##...
#.#.............lS####.## #####
..########.####.@....<.## ####
##########.####...####.## ###
##.###########.##
##.###########.##
##.............##
################# ###############


You could see a water moccasin and a wyvern.

Vanquished Creatures
  Maggie (D:6)
  Sigmund (D:5)
  3 wyverns
  2 yaks
  Edmund (D:5)
  2 water moccasins
  A sky beast (D:7)
  An orc warrior (D:6)
  2 ogres (D:5)
  3 phantoms
  2 lemures (D:8)
  A kobold brigand (D:7)
  Blork the orc (D:6)
  3 bullfrogs (D:7)
  A gnoll sergeant (D:7)
  2 scorpions (D:5)
  5 wights (D:7)
  3 howler monkeys
  2 centaur zombies (Ossuary)
  A gnoll bouda (D:6)
  3 hounds
  A jelly (D:5)
  5 orc priests
  Crazy Yiuf (D:6)
  3 iguanas
  4 orc wizards
  3 hound zombies (Ossuary)
  3 mummies (Ossuary)
  11 gnolls
  5 adders
  2 shadow imps
  5 adder zombies (Ossuary)
  13 orcs
  6 ball pythons
  7 bats
  4 endoplasms
  4 giant cockroaches
  8 kobolds
  2 quokkas (D:2)
  2 frilled lizards (D:2)
  A gnoll zombie (Ossuary)
  8 goblins
  4 goblin zombies (Ossuary)
  A hobgoblin zombie (Ossuary)
  4 jackal zombies (Ossuary)
  3 kobold zombies (Ossuary)
  6 quokka zombies (Ossuary)
  5 rats
  5 rat zombies (Ossuary)
167 creatures vanquished.

Vanquished Creatures (others)
  A centaur (D:8)
  2 foxfires (D:7)
  A fungus (D:8)
  10 plants (D:8)
14 creatures vanquished.

Grand Total: 181 creatures vanquished

Notes
Turn   | Place    | Note
-------+----------+-------------------------------------------
     0 | D:1      | gelatine the Barachi Hunter began the quest for the Orb.
     0 | D:1      | Reached XP level 1. HP: 17/17 MP: 1/1
   200 | D:1      | Reached XP level 2. HP: 23/23 MP: 2/2
   811 | D:2      | Reached XP level 3. HP: 24/28 MP: 3/3
   992 | D:2      | Found a faded altar of an unknown god.
   996 | D:2      | Reached skill level 5 in Ranged Weapons
  1017 | D:2      | Prayed at the altar of an unknown god.
  1017 | D:2      | Became a worshipper of Ashenzari the Shackled
  1030 | D:2      | Reached * piety under Ashenzari
  1527 | D:3      | Found an ancient bone altar of Kikubaaqudgha.
  1581 | D:3      | Reached ** piety under Ashenzari
  1622 | D:3      | Reached XP level 4. HP: 37/37 MP: 4/4
  1840 | D:3      | Found a hazy altar of Hepliaklqana.
  1916 | D:4      | Reached skill level 1 in Spellcasting
  2180 | D:4      | Reached skill level 1 in Armour
  2206 | D:4      | Noticed a phantom
  2215 | D:4      | Killed a phantom
  2216 | D:4      | Reached XP level 5. HP: 33/43 MP: 8/8
  2365 | D:4      | Noticed a phantom
  2374 | D:4      | Killed a phantom
  2375 | D:4      | Reached skill level 1 in Stealth
  2375 | D:4      | Reached XP level 6. HP: 46/51 MP: 9/9
  2512 | D:4      | Identified the amulet "Mabrag" {Regen+ MP+9}
  2624 | D:4      | Reached skill level 6 in Ranged Weapons
  2872 | D:5      | Entered Level 5 of the Dungeon
  2898 | D:5      | Reached XP level 7. HP: 56/56 MP: 10/10
  2912 | D:5      | Reached skill level 7 in Ranged Weapons
  3068 | D:5      | Found a sand-covered staircase.
  3073 | Ossuary  | Entered an ossuary
  3615 | D:5      | Reached skill level 8 in Ranged Weapons
  3635 | D:5      | Reached XP level 8. HP: 64/64 MP: 11/11
  3672 | D:5      | Noticed Sigmund
  3713 | D:5      | Reached skill level 5 in Fighting
  3713 | D:5      | Killed Sigmund
  3888 | D:5      | Reached skill level 9 in Ranged Weapons
  3997 | D:5      | Noticed Edmund
  4019 | D:5      | Killed Edmund
  4204 | D:6      | Found a sparkling altar of Nemelex Xobeh.
  4212 | D:6      | Noticed Maggie
  4327 | D:6      | Killed Maggie
  4328 | D:6      | Reached skill level 10 in Ranged Weapons
  4328 | D:6      | Reached XP level 9. HP: 43/73 MP: 12/12
  4406 | D:6      | Identified the +9 hammer "Dagetoh" {vorpal, *Noise rN+
                  | rCorr Str+3}
  4518 | D:6      | Noticed Blork the orc
  4522 | D:6      | Killed Blork the orc
  4563 | D:6      | Found a staircase to the Ecumenical Temple.
  4783 | D:6      | Found a runed translucent door.
  4786 | D:6      | Noticed Crazy Yiuf
  4805 | D:6      | Killed Crazy Yiuf
  5036 | D:7      | Reached *** piety under Ashenzari
  5039 | D:7      | Identified the +5 ring mail "Jokkuarch" {*Slow rElec rC-
                  | Will+++}
  5105 | D:7      | Reached **** piety under Ashenzari
  5117 | D:7      | Reached skill level 11 in Ranged Weapons
  5139 | D:7      | Learned a level 1 spell: Foxfire
  5211 | D:7      | Found Wyuluep's General Store.
  5289 | D:7      | Reached skill level 1 in Conjurations
  5503 | D:7      | Found a blossoming altar of Fedhas.
  5503 | D:7      | Found a bloodstained altar of Trog.
  5570 | D:7      | Reached XP level 10. HP: 71/85 MP: 15/15
  5710 | D:7      | Found a glowing golden altar of the Shining One.
  5799 | D:8      | Noticed Pikel
  5809 | D:8      | Noticed Gastronok
  5818 | D:8      | HP: 4/84 [constriction (9)]
  5944 | D:7      | HP: 4/88 [wyvern (10)]
  5944 | D:7      | Slain by a wyvern

Illustrated notes

Levels and vault maps discovered:
D:1:      co_arrival_random_square_maze, layout_rooms
D:2:      layout_basic, shapermc_ecumenical_altar_starsandcircs,
          nrook_mini_backslash, minmay_octomino_j4
D:3:      layout_rooms, mainiacjoe_overflow_brackets,
          worldfamousw_hep_ancestral_shrine, serial_glass, glass_columns_c,
          glass_columns_a, glass_columns_a, glass_columns_a, glass_columns_a,
          glass_columns_c, glass_columns_a, glass_columns_c
D:4:      cheibrodos_pilgrimage, layout_loops_cross
D:5:      layout_basic, enter_ossuary_2, uniq_sigmund, uniq_edmund
D:6:      layout_basic, mainiacjoe_overflow_catwalk, minmay_temple_entry_wispy,
          uniq_maggie, uniq_crazy_yiuf_cottage, uniq_blork_the_orc
D:7:      layout_loops_ring, lemuel_round_altar, gammafunk_temple_overflow_wave,
          serial_shops, nicolae_stop_n_shop_2, grunt_ministairs_9,
          minmay_fractal_squares_diagonal_5
D:8:      layout_rooms, zin_purify, minmay_lair_entry_grove, uniq_pikel,
          uniq_gastronok, uniq_maurice

Skill      XL: |  1  2  3  4  5  6  7  8  9 10 |
---------------+-------------------------------+-----
Ranged Weapons | 5 6 8 10 11 | 11.8
Spellcasting   | 1 |  1.5
Fighting       | 3 4 6 8 |  8.4
Armour         | 2 3 |  3.7
Stealth        | 1 2 3 |  3.0
Dodging        | 3 |  3.9
Conjurations   | 1 |  1.8
Fire Magic     | |  0.1

Action                   |  1- 3 |  4- 6 |  7- 9 | 10-12 || total
-------------------------+-------+-------+-------+-------++-------
 Fire: Shortbow          |   103 |    83 |   528 |    73 ||   787
 Cast: Foxfire           |       |       |     3 |       ||     3
Invok: Curse Item        |     2 |     1 |     3 |     1 ||     7
       Shatter the Chain |       |     1 |       |       ||     1
 Abil: Hop               |       |       |     1 |     2 ||     3
Evoke: Wand              |       |       |       |     3 ||     3
  Use: Potion            |     1 |       |     3 |     1 ||     5
       Scroll            |       |       |     1 |     2 ||     3
Armor: Leather armour    |     6 |    12 |    98 |    12 ||   128
Dodge: Dodged            |    32 |    27 |   241 |    45 ||   345
